 Dungeon Crawl Stone Soup version 0.28-a0-474-g535839065c (webtiles) character file.

Game seed: 5162169804907671460

4617 lmSkywalker the Severer (level 10, -1/81 HPs)
             Began as a Minotaur Fighter on Sept 15, 2021.
             Was a Priest of Okawaru.
             Slain by a sky beast (3 damage)
             ... on level 8 of the Dungeon.
             The game lasted 00:30:53 (12572 turns).

lmSkywalker the Severer (Minotaur Fighter)         Turns: 12572, Time: 00:30:55

Health: -1/81      AC:  9    Str: 22    XL:     10   Next: 19%
Magic:  11/11      EV: 10    Int:  5    God:    Okawaru [***...]
Gold:   1420       SH:  4    Dex: 10    Spells: 9/9 levels left

rFire   + . .      SeeInvis .   D - +0 broad axe
rCold   + . .      Faith    .   q - +0 buckler of Old and Reckless {+Blink rElec}
rNeg    . . .      Spirit   .   B - +2 scale mail "Peottuse" {rPois rC+ Dex-2}
rPois   +          Reflect  .   (helmet restricted)
rElec   +          Harm     .   (no cloak)
rCorr   .          Rampage  .   (no gloves)
Will    .....                   (no boots)
Stlth   ..........              z - amulet of magic regeneration
HPRegen 0.23/turn               e - ring of protection from fire
MPRegen 0.37/turn               g - ring of flight

@: mighty, flying
A: horns 2, retaliatory headbutt
a: Renounce Religion, Evoke Blink, Heroism


You were on level 8 of the Dungeon.
You worshipped Okawaru.
Okawaru was most pleased with you.
You visited 2 branches of the dungeon, and saw 9 of its levels.

You collected 1515 gold pieces.
You spent 95 gold pieces at shops.

Inventory:

Hand Weapons
 D - a +0 broad axe (weapon)
Missiles
 l - 2 javelins (quivered)
Armour
 q - the +0 buckler of Old and Reckless (worn) {+Blink rElec}
   (You acquired it on level 7 of the Dungeon)

   rElec:     It insulates you from electricity.
   +Blink:    It lets you blink.
 r - a +1 chain mail of willpower
 B - the +2 scale mail "Peottuse" (worn) {rPois rC+ Dex-2}
   (You found it on level 7 of the Dungeon)

   Dex:       It affects your dexterity (-2).
   rC:        It protects you from cold.
   rPois:     It protects you from poison.
Jewellery
 e - a ring of protection from fire (left hand)
 g - a ring of flight (right hand)
 k - a ring of protection from cold
 z - an amulet of magic regeneration (around neck)
Wands
 a - a wand of digging (7)
 E - a wand of flame (36)
Scrolls
 f - a scroll of immolation
 h - 2 scrolls of amnesia
 i - 3 scrolls of teleportation
 p - a scroll of fear {unknown}
 s - 5 scrolls of noise
 v - 2 scrolls of fog
 w - a scroll of identify {unknown}
 x - a scroll of enchant weapon {unknown}
 A - a scroll of blinking {unknown}
 C - a scroll of holy word {unknown}
Potions
 b - 2 potions of flight {unknown}
 j - 2 potions of curing {unknown}
 m - 4 potions of lignification
 t - a potion of ambrosia {unknown}
 u - 2 potions of attraction {unknown}
 F - a potion of degeneration {unknown}


   Skills:
 * Level 5.1 Fighting
 + Level 15.5 Axes
 + Level 4.4 Armour
 + Level 2.0 Dodging
 - Level 4.0 Shields
 - Level 3.6 Invocations


You had 9 spell levels left.
You didn't know any spells.
Your spell library contained the following spells:

 Spells                   Type           Power      Damage    Failure   Level
 Dazzling Flash           Conj/Hex       0%         N/A       99%         3
 Ignite Poison            Fire/Tmut/Pois 0%         N/A       99%         3
 Mephitic Cloud           Conj/Pois/Air  0%         N/A       99%         3
 Agony                    Necr           0%         N/A       100%        5
 Freezing Cloud           Conj/Ice/Air   0%         6-21      100%        5
 Silence                  Hex/Air        0%         N/A       100%        5


Dungeon Overview and Level Annotations

Branches:
Dungeon (8/15)             Temple (1/1) D:5
   Lair: D:8-11

Altars:
Ashenzari
Cheibriados
Dithmenos
Elyvilon
Fedhas
Gozag
Hepliaklqana
Nemelex Xobeh
Okawaru
Qazlal
Ru
Sif Muna
Trog
Uskayaw
Wu Jian
Xom
Yredelemnul
Zin
The Shining One

Shops:
D:2 *   D:6 (

Annotations:
D:6 3 exclusions
D:7 3 runed translucent doors, exclusion: 3 doors, robertstho's ghost, novice DjFE
D:8 Gastronok


Innate Abilities, Weirdness & Mutations

You have a pair of horns on your head.
You reflexively headbutt those who attack you in melee.


Message History

You headbutt the rakshasa. You slice the rakshasa!!
The rakshasa is heavily wounded.
You slash the sky beast!
The injured rakshasa weaves a defensive illusion!
The sky beast flickers out of sight!
The sky beast hits you but does no damage.
The rakshasa gestures at you. The lance of force hits you!
You are knocked back by the lance of force.
You slam into the rock wall!
The sky beast flickers out of sight!
You block the rakshasa's attack.
The rakshasa hits you with a +0 trident!
You barely miss the rakshasa.
The rakshasa is heavily wounded.
You closely miss the rakshasa.
The rakshasa is heavily wounded.
The rakshasa hits you from afar with a +0 trident.
The rakshasa closely misses you.
The rakshasa hits you with a +0 trident!
You slice the rakshasa!!
You kill the rakshasa!
The rakshasa shimmers and vanishes!
The rakshasa closely misses you. The rakshasa barely misses you.
You closely miss something. Something hits you but does no damage.
The rakshasa hits you from afar with a +0 trident. x2
Gastronok wobbles crazily.
You miss something. You headbutt something.
Reactivating autopickup.
The rakshasa hits you from afar with a +0 trident!
* * * LOW HITPOINT WARNING * * *
The rakshasa hits you from afar with a +0 trident!
* * * LOW HITPOINT WARNING * * *
Deactivating autopickup; reactivate with Ctrl-A.
You closely miss something. Something hits you but does no damage.
The rakshasa hits you from afar with a +0 trident.
* * * LOW HITPOINT WARNING * * *
You block the rakshasa's attack.
You closely miss something. Something hits you.
You die...

#....## #.... ##.###.##
.... ##..# ##.## #..w
##..## ##.## ###... #..##
#..### ##...{. ##.##
##.... ....... ##..#
##..## #....##..## #....#
##.R.@.### #..##.#
##..R.....### #..# ##.
#.....#.........## ## #
#......#...##...# #
#....#..##...## #.. #
....##..#.....# #.# #
#...#.........## #.. ##
#.......<.....# #.## ##.
#.....R...###...##..###.#


You could see 2 rakshasas.

Vanquished Creatures
  A slime creature (D:7)
  Grinder (D:6)
  A shadow (D:8)
  4 yaks
  2 steam dragons (D:8)
  Edmund (D:4)
  An acid dragon (D:8)
  Duvessa (D:7)
  A water moccasin (D:6)
  3 orc warriors
  2 black bears
  A hornet zombie (D:7)
  2 ogres (D:5)
  A sky beast (D:7)
  2 phantoms (D:5)
  3 centaurs
  A bullfrog (D:6)
  A gnoll sergeant (D:7)
  A scorpion (D:3)
  Dowan (D:7)
  A water moccasin zombie (D:5)
  A water moccasin skeleton (D:5)
  5 killer bees (D:7)
  3 wights (D:6)
  2 centaur zombies (D:5)
  2 jellies
  2 orc priests
  4 hounds
  4 iguanas
  Natasha (thrice) (D:4)
  5 orc wizards
  A hound skeleton (D:4)
  2 howler monkey zombies
  4 gnolls (D:7)
  2 howler monkey skeletons (D:7)
  11 adders
  A shadow imp (D:6)
  A white imp (D:6)
  2 ufetubi
  An adder skeleton (D:4)
  4 worms
  3 dart slugs
  23 orcs
  5 ball pythons
  3 bats
  10 endoplasms
  7 giant cockroaches
  7 goblins
  7 hobgoblins
  7 jackals
  4 kobolds
  7 quokkas
  3 frilled lizards
  5 rats
183 creatures vanquished.

Vanquished Creatures (others)
  A plant (D:6)
1 creature vanquished.

Grand Total: 184 creatures vanquished

Notes
Turn   | Place    | Note
-------+----------+-------------------------------------------
     0 | D:1      | lmSkywalker the Minotaur Fighter began the quest for the
                  | Orb.
     0 | D:1      | Reached XP level 1. HP: 19/19 MP: 0/0
    73 | D:1      | Found a faded altar of an unknown god.
   170 | D:1      | Reached skill level 3 in Axes
   170 | D:1      | Reached XP level 2. HP: 26/26 MP: 1/1
   435 | D:1      | Reached skill level 4 in Axes
   439 | D:1      | Reached XP level 3. HP: 31/31 MP: 2/2
  1273 | D:2      | Reached skill level 5 in Axes
  1355 | D:2      | Reached XP level 4. HP: 39/39 MP: 3/3
  1377 | D:2      | Found Jeshetuy's Assorted Antiques.
  1697 | D:3      | Noticed a scorpion
  2283 | D:3      | Killed a scorpion
  2284 | D:3      | Reached skill level 6 in Axes
  2284 | D:3      | Reached XP level 5. HP: 34/45 MP: 4/4
  2529 | D:3      | You are sucked into a shaft and drop 2 floors!
  2529 | D:5      | Entered Level 5 of the Dungeon
  2529 | D:5      | Found a broken altar of Ashenzari.
  2529 | D:5      | Found an ornate altar of the Wu Jian Council.
  2561 | D:5      | Noticed an ogre
  2571 | D:4      | Reached skill level 7 in Axes
  2804 | D:3      | Found an iron altar of Okawaru.
  2805 | D:3      | Found a white marble altar of Elyvilon.
  3034 | D:3      | Found a glowing silver altar of Zin.
  3035 | D:3      | Found a hazy altar of Hepliaklqana.
  3186 | D:4      | Found a hide-covered altar of Uskayaw.
  3210 | D:4      | Reached XP level 6. HP: 46/51 MP: 5/5
  3300 | D:4      | Noticed Natasha
  3305 | D:4      | Killed Natasha
  3306 | D:4      | Reached skill level 8 in Axes
  3318 | D:4      | Noticed Edmund
  3338 | D:4      | Killed Edmund
  3885 | D:4      | Noticed Natasha
  4008 | D:4      | Killed Natasha
  4009 | D:4      | Reached skill level 9 in Axes
  4120 | D:4      | Reached XP level 7. HP: 55/57 MP: 6/6
  4362 | D:4      | Noticed Natasha
  4365 | D:4      | Killed Natasha
  5102 | D:3      | Became a worshipper of Warmaster Okawaru
  5269 | D:5      | Reached skill level 10 in Axes
  5457 | D:5      | Reached * piety under Okawaru
  5637 | D:5      | Reached skill level 11 in Axes
  5637 | D:5      | Reached XP level 8. HP: 61/64 MP: 7/7
  6151 | D:5      | Found a staircase to the Ecumenical Temple.
  6186 | Temple   | Entered the Ecumenical Temple
  6741 | D:6      | Noticed Grinder
  6752 | D:6      | Killed Grinder
  6753 | D:6      | Reached skill level 12 in Axes
  6900 | D:6      | Reached ** piety under Okawaru
  7179 | D:6      | Found a glowing golden altar of the Shining One.
  7193 | D:6      | Reached skill level 13 in Axes
  7469 | D:6      | Found an opulent altar of Gozag.
  7516 | D:6      | Reached XP level 9. HP: 52/70 MP: 8/8
  7808 | D:2      | Bought a triangular amethyst amulet for 95 gold pieces
  8145 | D:6      | Reached skill level 14 in Axes
  8558 | D:6      | Found Fepom's Antique Weapon Shop.
  8783 | D:7      | Reached *** piety under Okawaru
  8925 | D:7      | Identified the +2 scale mail "Peottuse" {rPois rC+ Dex-2}
  9337 | D:7      | Reached skill level 1 in Invocations
  9679 | D:6      | Reached skill level 15 in Axes
 11042 | D:7      | HP: 5/106 [sky beast (5)]
 11374 | D:7      | Noticed a troll
 11375 | D:7      | Noticed robertstho's ghost (novice DjFE)
 11376 | D:7      | Noticed a cyclops
 11382 | D:7      | Found a runed translucent gate.
 11382 | D:7      | Found a runed translucent gate.
 11382 | D:7      | Found a runed translucent gate.
 11467 | D:7      | Reached skill level 1 in Dodging
 11529 | D:7      | Found a bloodstained altar of Trog.
 11529 | D:7      | Noticed Duvessa
 11529 | D:7      | Noticed Dowan
 11544 | D:7      | Killed Duvessa
 11545 | D:7      | Reached XP level 10. HP: 55/79 MP: 11/11
 11554 | D:7      | Killed Dowan
 11997 | D:8      | Noticed a cyclops
 12000 | D:8      | Noticed a cyclops
 12082 | D:8      | Noticed a rakshasa
 12270 | D:7      | Identified 2 scrolls of acquirement
 12270 | D:7      | Acquired the +0 buckler of Old and Reckless {+Blink rElec}
 12271 | D:7      | Acquired 1178 gold pieces
 12481 | D:8      | Reached skill level 5 in Fighting
 12561 | D:8      | Noticed Gastronok
 12571 | D:8      | HP: 2/81 [rakshasa (5)]
 12572 | D:8      | Slain by a sky beast

Illustrated notes

Levels and vault maps discovered:
D:1:      erik_arrival_blinker_ship, layout_loops_ring,
          hellmonk_ecumenical_altar_crossroads
D:2:      layout_basic, serial_shops, shop, kennysheep_path_1
D:3:      layout_basic, nicolae_overflow_hidden_temple, lemuel_old_faithful
D:4:      layout_layer_cave, nicolae_uskayaw_suspiria, portal_sewer_entry_e,
          uniq_natasha, uniq_edmund
D:5:      layout_basic, grunt_temple_overflow_open,
          minmay_temple_entry_glassed_door, minmay_fractal_squares_gapless_5
D:6:      layout_loops_ring, grunt_temple_overflow_lords_of_destruction,
          grunt_gozag_breadcrumbs, mainiacjoe_overflow_six_doors_small,
          minivault_14, serial_bayou_pond_e, minmay_misc_feat_ornament,
          nicolae_take_the_stairs, uniq_grinder
D:7:      layout_basic, trog_book, gammafunk_ghost_split,
          minmay_chambers_of_fives, uniq_duvessa
D:8:      cheibrodos_elevator_heist, layout_layer_cave,
          kiku_gazebo_garden_becter, serial_glass, glass_columns_a,
          glass_columns_b, uniq_gastronok
Temple:   jpeg_temple_island

Skill      XL: |  1  2  3  4  5  6  7  8  9 10 |
---------------+-------------------------------+-----
Axes           | 3 4 5 6 7 9 11 13 15 | 15.5
Shields        | 4 |  4.0
Invocations    | 3 |  3.6
Fighting       | 4 5 |  5.1
Dodging        | 1 2 |  2.0
Armour         | 4 |  4.4

Action                   |  1- 3 |  4- 6 |  7- 9 | 10-12 || total
-------------------------+-------+-------+-------+-------++-------
Melee: War axe           |   110 |   123 |   235 |       ||   468
       Headbutt          |    17 |    25 |    72 |     8 ||   122
       Broad axe         |       |       |    94 |    36 ||   130
Throw: Javelin           |       |     3 |     1 |       ||     4
Invok: Heroism           |       |       |     4 |       ||     4
  Use: Potion            |       |     1 |     3 |     1 ||     5
       Scroll            |       |       |     3 |     5 ||     8
Armor: Scale mail        |    52 |    33 |       |     5 ||    90
       Chain mail        |       |    17 |   103 |     2 ||   122
       Skin              |       |       |     1 |       ||     1
Dodge: Dodged            |    33 |    42 |    80 |    19 ||   174
Block: Buckler           |    28 |    26 |    59 |     5 ||   118

Table legend: (Time is in decaauts)
 A = Elapsed time spent in this place.
 B = Non-inter-level travel time spent in this place.
 C = Inter-level travel time spent in this place.
 D = Time resting spent in this place.
 E = Time spent auto-exploring this place.
 F = Levels seen in this place.
 G = Mean time per level.
                   A        B        C        D        E       F      G
               +--------+--------+--------+--------+--------+-----+--------+
         Total |  12593 |  11610 |    983 |   3631 |   5310 |   9 | 1399.2 |
       Dungeon |  12223 |  11272 |    951 |   3631 |   4977 |   8 | 1527.9 |
        Temple |    370 |    338 |     32 |      0 |    333 |   1 |  370.0 |
               +--------+--------+--------+--------+--------+-----+--------+

Top non-repeatable levels by time:
     D:7: 2560 daAuts
     D:6: 2373 daAuts
     D:4: 2023 daAuts
     D:5: 1508 daAuts
     D:3: 1380 daAuts
     D:2: 1063 daAuts
     D:1: 899 daAuts
     D:8: 414 daAuts
  Temple: 370 daAuts
